 Dungeon Crawl Stone Soup version 0.30-a0-939-gc8157cb160 (webtiles) character file.

Game seed: 16635116042634602738

46 2tousent the Chopper (level 3, -1/33 HPs)
             Began as a Hill Orc Monk on Mar 25, 2023.
             Slain by a gnoll
             ... wielding a +0 flail
              (4 damage)
             ... on level 2 of the Dungeon.
             The game lasted 00:01:27 (995 turns).

2tousent the Chopper (Hill Orc Monk)                 Turns: 995, Time: 00:01:28

Health: -1/33      AC:  6    Str: 15    XL:     3   Next: 66%
Magic:  3/3        EV: 10    Int: 10    God:
Gold:   145        SH:  0    Dex: 13    Spells: 2/2 levels left

rFire   . . .      SeeInvis .    a - +0 hand axe
rCold   . . .      Faith    .    (no shield)
rNeg    . . .      Spirit   .    h - +0 scale mail
rPois   .          Reflect  .    (no helmet)
rElec   .          Rampage  .    (no cloak)
rCorr   .                        (no gloves)
Will    .....                    (no boots) Stlth
                                 (no amulet)
HPRegen 0.25/turn                (no ring)
MPRegen 0.08/turn                (no ring)

@: no status effects
A: no striking features
a: no special abilities


You were on level 2 of the Dungeon.
You visited 1 branch of the dungeon, and saw 2 of its levels.

You collected 145 gold pieces.

Inventory:

Hand Weapons
 a - a +0 hand axe (weapon)
Armour
 b - a +0 robe
 h - a +0 scale mail (worn)
Scrolls
 f - a scroll of identify {unknown}
 i - 2 scrolls of fog {unknown}
 l - a scroll of enchant armour {unknown}
Potions
 c - a potion of ambrosia
 d - a potion of attraction {unknown}
 e - a potion of lignification {unknown}
 g - 3 potions of flight {unknown}
 j - a potion of might {unknown}
 k - 2 potions of heal wounds {unknown}
 m - a potion of resistance {unknown}
 n - a potion of curing {unknown}


   Skills:
 + Level 4.3 Fighting
 * Level 5.5 Axes
 - Level 2.4 Dodging
 - Level 1.5 Stealth


You had 2 spell levels left.
You didn't know any spells.
Your spell library was empty.

Dungeon Overview and Level Annotations

Branches:
Dungeon (2/15)

Altars:

Shops:
D:2 [


Message History

The bat hits you but does no damage. x2
The gnoll hits you from afar with a +0 spear.
The gnoll hits you with a +0 whip.
You hit the gnoll but do no damage. You hit the bat.
You kill the bat!
The gnoll closely misses you. The gnoll hits you but does no damage.
You closely miss the gnoll. You hit the endoplasm.
The gnoll hits you with a +0 whip. The endoplasm hits you.
You hit the endoplasm.
The endoplasm is almost dead.
You hit the gnoll. The endoplasm freezes you.
You are frozen.
The gnoll hits you but does no damage.
You hit the gnoll.
The gnoll is heavily wounded.
You hit the endoplasm.
You kill the endoplasm!
The gnoll closely misses you.
You barely miss the gnoll.
The gnoll is heavily wounded.
You hit the gnoll but do no damage. The gnoll hits you but does no damage.
The gnoll hits you with a +0 flail!
* * * LOW HITPOINT WARNING * * *
The gnoll hits you from afar with a +0 spear.
* * * LOW HITPOINT WARNING * * *
You hit the gnoll.
The gnoll is heavily wounded.
You hit the gnoll but do no damage. The gnoll closely misses you. x2
The gnoll misses you.
You slash the gnoll!
You kill the gnoll!
You hit the gnoll but do no damage. The gnoll misses you.
The gnoll barely misses you.
Unknown command.
You hit the gnoll.
The gnoll is moderately wounded.
You hit the gnoll but do no damage. The gnoll hits you with a +0 whip.
* * * LOW HITPOINT WARNING * * *
The gnoll barely misses you. The gnoll hits you with a +0 flail.
You die...

#.###.......##### #.# .#
#.###..#........####.##..#
......###.#####..........#
.......##..########...##.#
####.............##.#.##.##
# ###..###.## #..........#
# ##.# #.# ###..####.## ..#
#.#####...# # .. ..#.g@.###
#.# #.#.##g# .# #...#.g#
#..##g## . ##.g.J.#
....#.g.g### ......>.##
........# .....#..#


You could see 3 gnolls.

Vanquished Creatures
  A gnoll (D:2)
  2 worms (D:2)
  A dart slug (D:2)
  5 bats
  3 endoplasms
  A giant cockroach (D:2)
  2 goblins (D:2)
  2 hobgoblins (D:1)
  2 jackals (D:1)
  2 ball pythons (D:1)
  2 frilled lizards (D:2)
  2 kobolds (D:1)
  5 rats
30 creatures vanquished.

Notes
Turn   | Place    | Note
-------+----------+-------------------------------------------
     0 | D:1      | 2tousent the Hill Orc Monk began the quest for the Orb.
     0 | D:1      | Reached XP level 1. HP: 19/19 MP: 1/1
   313 | D:1      | Reached XP level 2. HP: 22/27 MP: 2/2
   727 | D:2      | Reached skill level 5 in Axes
   761 | D:2      | Reached XP level 3. HP: 33/33 MP: 3/3
   920 | D:2      | Found Wellun's Antique Armour Boutique.
   995 | D:2      | Slain by a gnoll

Illustrated notes

Levels and vault maps discovered:
D:1:      lemuel_arrival_rhombus, layout_loops_cross, serial_park_tiny_pond
D:2:      layout_rooms, serial_shops, shop, minmay_heptomino_l4

Skill      XL: |  1  2 |
---------------+-------+-----
Fighting       | 4 |  4.3
Axes           | 5 |  5.5
Dodging        | |  2.4
Stealth        | |  1.5

Action                     || total
---------------------------++-------
  Melee: Hand axe          ||    86
 Armour: Robe              ||     4
         Scale mail        ||    34
  Dodge: Dodged            ||    58

Table legend: (Time is in decaauts)
 A = Elapsed time spent in this place.
 B = Non-inter-level travel time spent in this place.
 C = Inter-level travel time spent in this place.
 D = Time resting spent in this place.
 E = Time spent auto-exploring this place.
 F = Levels seen in this place.
 G = Mean time per level.
                   A        B        C        D        E       F      G
               +--------+--------+--------+--------+--------+-----+--------+
         Total |   1000 |    978 |     22 |      0 |    759 |   2 |  500.0 |
       Dungeon |   1000 |    978 |     22 |      0 |    759 |   2 |  500.0 |
               +--------+--------+--------+--------+--------+-----+--------+

Top non-repeatable levels by time:
     D:1: 681 daAuts
     D:2: 319 daAuts
